AoeStats
← Pandoo

Black Forest

506462877Analyzed
2v2 RM · 20d ago on Sep 13, 2026· 29m 31s· 4 players
Game mode
Random Map
Map size
Medium (4 player)
Population
200
Speed
Normal
Resources
Standard
Victory
Conquest
Starting age
Dark Age
Ending age
Imperial Age
RankedLock teamsTeams togetherTeam positionsShared explorationLock speedFull tech treeHidden civsTurbo modeCheats
Victory
Defeat
🇩🇪 Bohemians · Germany
1303
+10
🇩🇪 Khmer · Germany
1261
+11
🇨🇦 Spanish · Canada
1177
-11
🇺🇸 Bohemians · United States
1145
-10
Principipe6724
0:27 Loom
Pandoo
2:07 Loom
[FUCKI]Ryan Stecken
2:38 Loom
14:39 Feudal Age
20:02 Castle Age
19:47 Double-Bit Axe
19:43 Horse Collar
28:53 Town Watch
[FUCKI] Obi-One Canboneme
0:41 Loom
12:11 Feudal Age
13:11 Gold Mining
17:08 Castle Age
15:19 Double-Bit Axe
15:32 Horse Collar
17:09 Bloodlines
17:35 Forging
18:26 Gold Shaft Mining
18:19 Heavy Plow
19:58 Iron Casting
20:31 Scale Barding Armor
21:31 Husbandry
22:49 Wheelbarrow
24:47 Chain Barding Armor
24:49 Hand Cart
28:02 Light Cavalry
Connection lost

Rejoining the realm…

Still unreachable

The connection could not be restored.

Session expired

The server has moved on; the page needs a fresh start.